 Dungeon Crawl Stone Soup version 0.23.2-40-g277498a001 (webtiles) character file.

Game seed: 17482129347766390705

68 Glalom the Sneak (level 4, -4/21 HPs)
             Began as a Spriggan Enchanter on Oct 6, 2019.
             Slain by a water moccasin (8 damage)
             ... on level 3 of the Dungeon.
             The game lasted 00:11:51 (3260 turns).

Glalom the Sneak (Spriggan Enchanter)               Turns: 3260, Time: 00:11:52

Health: -4/21      AC:  2    Str:  4    XL:     4   Next: 1%
Magic:  4/9        EV: 18    Int: 17    God:
Gold:   134        SH:  0    Dex: 16    Spells: 4/8 levels left

rFire    . . .     SeeInvis +   a - +1 dagger
rCold    . . .     Gourm    .   (shield restricted)
rNeg     . . .     Faith    .   b - +0 robe
rPois    .         Spirit   .   (helmet restricted)
rElec    .         Reflect  .   (no cloak)
rCorr    .         Harm     .   (gloves unavailable)
MR       .....                  (boots unavailable)
Stlth    +++.......             (no amulet)
HPRegen  0.07/turn              (no ring)
MPRegen  0.11/turn              (no ring)

@: lethally poisoned (-4 -> -14), very quick
A: very small, unfitting armour, see invisible, herbivore, speed 3, slow
metabolism 2
a: no special abilities


You were on level 3 of the Dungeon.
You were not hungry.

You visited 1 branch of the dungeon, and saw 4 of its levels.

You collected 134 gold pieces.

Inventory:

Hand Weapons
 a - a +1 dagger (weapon)
Armour
 b - a +0 robe (worn)
Wands
 x - a wand of acid (7)
   (You found it on level 3 of the Dungeon)
Scrolls
 c - a scroll of immolation {unknown}
 d - 3 scrolls of identify {unknown}
 f - a scroll of noise {unknown}
 i - a scroll of amnesia {unknown}
Potions
 g - 3 potions of flight {unknown}
 h - a potion of might {unknown}
Comestibles
 e - 5 rations {!d}


   Skills:
 * Level 3.1 Short Blades
 - Level 3.0 Dodging
 + Level 5.3 Stealth
 - Level 2.6 Spellcasting
 + Level 4.3 Hexes


You had 4 spell levels left.
You knew the following spells:

 Your Spells              Type           Power        Failure   Level  Hunger
a - Corona                Hex            ###....      3%          1    #......
c - Confuse               Hex            ###.....     10%         3    ###....

Your spell library contained the following spells:

 Spells                   Type           Power        Failure   Level  Hunger
 Tukima's Dance           Hex            ###.....     10%         3    ###....
 Ensorcelled Hibernation  Hex/Ice        #.....       12%         2    ##.....
 Dazzling Spray           Conj/Hex       #.....       22%         3    ###....


Dungeon Overview and Level Annotations

Branches:
Dungeon (4/15)
 Temple: D:4-7

Altars:
Elyvilon
Gozag
Xom
Jiyva

Shops:
D:4 *


Innate Abilities, Weirdness & Mutations

You are very small and have problems with some larger weapons.
You are too small for most types of armour.
You have supernaturally acute eyesight. (SInv)
You are a herbivore.
You cover ground extremely quickly.
You need to consume almost no food.


Message History

3 adders and a water moccasin come into view.
The adder hisses angrily. x3; The water moccasin hisses angrily.
Found Ithit's Serpentskin Sales.
There is a stone staircase leading up here.
You climb upwards.
There is a stone staircase leading down here.
You can't go up here!
There is an open door here.
There is a stone staircase leading down here.
You climb downwards.
There is a stone staircase leading up here.
You climb upwards.
There is a stone staircase leading down here.
There is an open door here.
There is a stone staircase leading down here.
You climb downwards.
The water moccasin hisses angrily.
The adder hisses angrily.
You hear an angry hiss.
The adder completely misses you. The adder bites you.
There is a stone staircase leading up here.
The water moccasin bites you. The adder misses you.
You climb upwards.
There is a stone staircase leading down here.
The water moccasin closely misses you. The adder misses you.
The water moccasin closely misses you.
You barely miss the water moccasin. The water moccasin bites you!
You closely miss the water moccasin. The water moccasin bites you.
* * * LOW HITPOINT WARNING * * *
You don't know that spell.
Aim: a water moccasin (chance to defeat MR: 47%)
The water moccasin resists with some effort.
The water moccasin closely misses you.
Aim: a water moccasin (chance to defeat MR: 47%)
The water moccasin appears confused.
You hit the water moccasin. The water moccasin closely misses you.
Unknown command.
You barely miss the water moccasin. The water moccasin closely misses you.
You hit the water moccasin. The water moccasin closely misses you.
You catch the helpless water moccasin completely off-guard!
You puncture the water moccasin! The water moccasin closely misses you.
The water moccasin misses you.
You barely miss the water moccasin. The water moccasin misses you.
You hit the water moccasin. The water moccasin bites you.
* * * LOW HITPOINT WARNING * * *
You are lethally poisoned!
The water moccasin poisons you!
You hit the water moccasin but do no damage.
* * * LOW HITPOINT WARNING * * *
You feel sick. The water moccasin bites you!
You die...

######S#.#...# #.#
.....#.#.#.########.#
.......#.#.#........#
.....###'#'#.########
.............#####
.................#
..###.......####.#
..# #.......# #.# ..#
#.......# #@# ..#
#.......# #S# ..#
#.......# #.# ###
#.......####.#
##............#
#........######
#........# #......###
#......#


You could see a water moccasin (confused).

Vanquished Creatures
  3 adders (D:3)
  2 oozes
  A worm (D:2)
  3 dart slugs
  A leopard gecko (D:4)
  2 giant cockroaches
  A hobgoblin (D:1)
  5 kobolds
  A quokka (D:2)
  3 bats
  3 frilled lizards
  2 goblins
  2 rats
29 creatures vanquished.

Notes
Turn   | Place    | Note
-------+----------+-------------------------------------------
     0 | D:1      | Glalom the Spriggan Enchanter began the quest for the Orb.
     0 | D:1      | Reached XP level 1. HP: 9/9 MP: 5/5
   152 | D:1      | Found a viscous altar of Jiyva.
   152 | D:1      | Noticed a jelly
   152 | D:1      | Noticed a jelly
   157 | D:1      | Noticed a jelly
   158 | D:1      | Noticed a jelly
   208 | D:1      | Reached XP level 2. HP: 13/13 MP: 6/6
  1550 | D:2      | Reached skill level 5 in Stealth
  1681 | D:2      | Reached XP level 3. HP: 16/16 MP: 8/8
  1928 | D:3      | Found an opulent altar of Gozag.
  2872 | D:4      | Learned a level 3 spell: Confuse
  2885 | D:4      | Noticed an ogre
  2918 | D:4      | Found a white marble altar of Elyvilon.
  2929 | D:4      | Noticed an ogre
  2993 | D:4      | Reached XP level 4. HP: 20/21 MP: 6/9
  3035 | D:4      | Found a shimmering altar of Xom.
  3102 | D:4      | Found Ithit's Serpentskin Sales.
  3102 | D:4      | Noticed a water moccasin
  3260 | D:3      | Slain by a water moccasin

Skill      XL: |  1  2  3 |
---------------+----------+-----
Short Blades   | 2 3 |  3.1
Hexes          | 4 |  4.3
Stealth        | 5 |  5.3
Dodging        | |  3.0
Spellcasting   | |  2.6

Action                   |  1- 3 |  4- 6 || total
-------------------------+-------+-------++-------
Melee: Dagger            |   133 |     9 ||   142
 Cast: Confuse           |     2 |     2 ||     4
 Stab: Sleeping          |    16 |       ||    16
       Confused          |       |     1 ||     1
Armor: Robe              |     8 |       ||     8
Dodge: Dodged            |    83 |    12 ||    95
